 Dungeon Crawl Stone Soup version 0.24.0-29-g8ce449bc06 (webtiles) character file.

Game seed: 7626956384410850573, levelgen mode: deterministic

7 Descartes the Scratcher (level 1, -2/9 HPs)
             Began as a Felid Transmuter on Nov 15, 2019.
             Slain by a hobgoblin
             ... wielding a +0 club
              (7 damage)
             ... on level 1 of the Dungeon.
             The game lasted 00:01:53 (459 turns).

Descartes the Scratcher (Felid Transmuter)           Turns: 459, Time: 00:01:54

Health: -2/9       AC:  1    Str:  6    XL:     1   Next: 91%
Magic:  4/4        EV: 18    Int: 14    God:
Gold:   38         SH:  0    Dex: 16    Spells: 3/4 levels left
                                        Lives:  0   Deaths: 0

rFire    . . .     SeeInvis +     - Unarmed
rCold    . . .     Gourm    .   (shield unavailable)
rNeg     . . .     Faith    .   (armour unavailable)
rPois    .         Spirit   .   (helmet unavailable)
rElec    .         Reflect  .   (cloak unavailable)
rCorr    .         Harm     .   (gloves unavailable)
MR       .....                  (boots unavailable)
Stlth    ++........             (no amulet)
HPRegen  0.03/turn              (no ring)
MPRegen  0.09/turn              (no ring)

@: quick
A: very small, no armour, no weapons or thrown items, stealth, claws 1, fangs 3,
see invisible, carnivore, speed 1, shaggy fur 1, slow metabolism 1, sharp paws
a: no special abilities


You were on level 1 of the Dungeon.
You were completely stuffed.

You visited 1 branch of the dungeon, and saw 1 of its levels.

You collected 38 gold pieces.

Inventory:

Missiles
 a - 12 arrows
 d - 3 stones
Scrolls
 b - a scroll of noise {unknown}
Comestibles
 c - a ration
 f - a chunk of flesh


   Skills:
 - Level 1.0 Fighting
 + Level 3.0 Dodging
 + Level 1.0 Stealth
 * Level 3.2 Unarmed Combat
 - Level 2.0 Spellcasting
 - Level 2.1 Transmutations


You had 3 spell levels left.
You knew the following spells:

 Your Spells              Type           Power        Failure   Level  Hunger
a - Beastly Appendage     Tmut           #.....       10%         1    ##.....

Your spell library contained the following spells:

 Spells                   Type           Power        Failure   Level  Hunger
 Sticks to Snakes         Tmut           #.......     14%         2    ###....
 Spider Form              Tmut/Pois      #.........   41%         3    ####...
 Ice Form                 Ice/Tmut       #.......     83%         4    #####..
 Blade Hands              Tmut           #.........   95%         5    ######.


Dungeon Overview and Level Annotations

Branches:
Dungeon (1/15)

Altars:


Innate Abilities, Weirdness & Mutations

You cannot wear armour.
You are incapable of wielding weapons or throwing items.
Your paws allow you to move quietly. (Stealth)
You have sharp claws.
You have razor-sharp teeth.
You have supernaturally acute eyesight. (SInv)
You are carnivorous and can eat meat at any time.
You cover ground quickly.
You are covered in fur. (AC +1)
You have a slow metabolism.
Your sharp claws are effective at attacking unaware monsters.


Message History

The kobold is severely wounded.
The kobold completely misses you.
You closely miss the kobold. You bite the kobold.
You kill the kobold!
A bat comes into view.
The kobold completely misses you.
You scratch the kobold.
The kobold is heavily wounded.
The kobold barely misses you.
You scratch the kobold.
You kill the kobold!
Your Dodging skill increases to level 3!
Your Stealth skill increases to level 1!
You closely miss the bat. Your bite misses the bat. The bat closely misses you.
The hobgoblin hits you with a +0 club.
You scratch the hobgoblin.
The hobgoblin is almost dead.
The hobgoblin hits you with a +0 club!
Ouch! That really hurt!
You die...

####.........###
#.....#
#.........# #
#.....#
#####'######
#.(...#
####.##....
#.=...#
#.>.........
#.....#
##..#.#......
#.....#
#)..#.#......
#...).# #.#.#.#
.....
#...b@####.#.#.#
.....
#....g.........+
....
#......###..##.#
.... #......#
#..# .#
........# ##...
# #.####....
###. # #.... ..
#..... . #.....


You could see a hobgoblin and a bat.

Vanquished Creatures
  2 giant cockroaches (D:1)
  A goblin (D:1)
  3 kobolds (D:1)
  A rat (D:1)
7 creatures vanquished.

Notes
Turn   | Place    | Note
-------+----------+-------------------------------------------
     0 | D:1      | Descartes the Felid Transmuter began the quest for the Orb.
     0 | D:1      | Reached XP level 1. HP: 9/9 MP: 4/4
   457 | D:1      | Reached skill level 1 in Stealth
   459 | D:1      | Slain by a hobgoblin

Levels and vault maps discovered:
D:1:      eino_arrival_water_cross, layout_basic

Skill      XL: |  1 |
---------------+----+-----
Dodging        | 3 |  3.0
Stealth        | 1 |  1.0
Fighting       | |  1.0
Unarmed Combat | |  3.2
Spellcasting   | |  2.0
Transmutations | |  2.1

Action                   || total
-------------------------++-------
Melee: Unarmed           ||    26
       Bite              ||     4
       Punch             ||     1
  Eat: Chunk             ||     6
Dodge: Dodged            ||    23
